 Dungeon Crawl Stone Soup version 0.27-a0-416-gca2cecf3c0 (webtiles) character file.

Game seed: 3934588863890660774

65 Morbidden the Skirmisher (level 3, -1/30 HPs)
             Began as a Demonspawn Fighter on Feb 25, 2021.
             Slain by an orc wizard
             ... wielding a +0 dagger
              (3 damage)
             ... on level 3 of the Dungeon.
             The game lasted 00:01:48 (2812 turns).

Morbidden the Skirmisher (Demonspawn Fighter)       Turns: 2812, Time: 00:01:48

Health: -1/30      AC:  9    Str: 16    XL:     3   Next: 94%
Magic:  3/3        EV:  7    Int: 10    God:
Gold:   130        SH:  8    Dex: 12    Spells: 2/2 levels left

rFire    . . .     SeeInvis .     - Unarmed
rCold    . . .     Faith    .   c - +0 kite shield
rNeg     . . .     Spirit   .   b - +0 scale mail
rPois    .         Reflect  .   (no helmet)
rElec    .         Harm     .   (no cloak)
rCorr    .         Rampage  .   (no gloves)
Will     .....                  f - +2 pair of boots
Stlth    ..........             i - amulet of the acrobat
HPRegen  0.10/turn              (no ring)
MPRegen  0.08/turn              (no ring)

@: no status effects
A: claws 1
a: no special abilities


You were on level 3 of the Dungeon.
You visited 1 branch of the dungeon, and saw 3 of its levels.

You collected 130 gold pieces.

Inventory:

Missiles
 j - 25 poisoned darts (quivered)
Armour
 b - a +0 scale mail (worn)
 c - a +0 kite shield (worn)
 f - a +2 pair of boots (worn)
Jewellery
 i - an amulet of the acrobat (around neck)
Scrolls
 h - a scroll of fear {unknown}
 l - 2 scrolls of identify {unknown}
 m - 2 scrolls of magic mapping {unknown}
 n - 3 scrolls of fog {unknown}
Potions
 a - a potion of lignification {unknown}
 d - 2 potions of might
 e - a potion of cancellation {unknown}
 g - a potion of invisibility {unknown}
 k - a potion of curing {unknown}
 o - a potion of ambrosia {unknown}


   Skills:
 * Level 3.9 Fighting
 - Level 1.9 Long Blades
 + Level 3.0 Armour
 + Level 0.2 Dodging
 + Level 3.1 Shields
 * Level 1.0 Unarmed Combat


You had 2 spell levels left.
You didn't know any spells.
Your spell library was empty.

Dungeon Overview and Level Annotations

Branches:
Dungeon (3/15)

Altars:
Cheibriados
Dithmenos
Ru


Innate Abilities, Weirdness & Mutations

You have sharp fingernails.


Message History

The orc wizard flickers and vanishes!
Deactivating autopickup; reactivate with Ctrl-A.
You closely miss something.
You hear some strange, mumbled words.
You are confused.
Something hits you but does no damage.
You bump into the rock wall.
Something hits you but does no damage.
You bump into the rock wall.
Something hits you.
You barely miss something. Something hits you.
* * * LOW HITPOINT WARNING * * *
You miss something. Something hits you but does no damage.
You're too confused to move!
You feel less confused. Something hits you.
* * * LOW HITPOINT WARNING * * *
You miss something.
You hear some strange, mumbled words.
Something tries to affect you, but you resist.
You closely miss something.
Something hits you but does no damage. x2
You closely miss something. Something hits you but does no damage.
You miss something. You block something's attack.
You closely miss something. Something hits you but does no damage.
You scratch something but do no damage.
Something hits you but does no damage. x2
You barely miss something. Something hits you but does no damage.
You barely miss something. Something hits you.
* * * LOW HITPOINT WARNING * * *
You closely miss something.
You hear some strange, mumbled words.
A magic dart appears from out of thin air!
The magic dart hits you but does no damage.
You miss something. Something hits you but does no damage. Something hits you.
* * * LOW HITPOINT WARNING * * *
Your shield and scale mail prevent you from hitting something.
An orc wizard appears from thin air!
Reactivating autopickup.
The orc wizard hits you but does no damage.
You scratch the orc wizard.
The orc wizard is moderately wounded.
The orc wizard hits you with a +0 dagger.
You die...

#.#.# ####.#.####
#....#..<.######
#.#######.......
#....#....#####.
####.#......._..
#.#..########
###########....##
#.†.
#.....@oooo.....#
#.##
#.#######o......#
#.#
####..o.(...####.#
#...<....).......#
#.##........######
# ##.......#
##...#..#
##.##..#######
....#.........


You could see an orc wizard and 4 orcs.

Vanquished Creatures
  2 adders (D:3)
  2 dart slugs
  3 orcs (D:3)
  4 giant cockroaches
  2 goblins (D:2)
  4 hobgoblins
  A ball python (D:2)
  7 bats
  4 frilled lizards
  10 kobolds
  3 rats
42 creatures vanquished.

Notes
Turn   | Place    | Note
-------+----------+-------------------------------------------
     0 | D:1      | Morbidden the Demonspawn Fighter began the quest for the
                  | Orb.
     0 | D:1      | Reached XP level 1. HP: 18/18 MP: 1/1
   417 | D:1      | Gained mutation: You have sharp fingernails. [demonic
                  | ancestry]
   417 | D:1      | Reached XP level 2. HP: 23/24 MP: 2/2
  1168 | D:2      | Found a snail-covered altar of Cheibriados.
  1592 | D:2      | Reached XP level 3. HP: 26/29 MP: 3/3
  2149 | D:2      | Found a sacrificial altar of Ru.
  2499 | D:3      | Found a shadowy altar of Dithmenos.
  2769 | D:3      | Reached skill level 1 in Unarmed Combat
  2812 | D:3      | Slain by an orc wizard

Illustrated notes

Levels and vault maps discovered:
D:1:      psy_arrival_conway, layout_loops_ring, dk_noncrumbling_3,
          minmay_misc_feat_doors
D:2:      layout_basic, general_overflow_altar, nicolae_overflow_crystal_walls,
          roderic_lattice_a, minmay_tetromino_i4
D:3:      layout_loops_ring, chequers_temple_overflow_statue_of_worship,
          overflow_temple_1_default, uniq_natasha, uniq_jessica

Skill      XL: |  1  2  3 |
---------------+----------+-----
Shields        | 3 |  3.1
Armour         | 3 |  3.0
Unarmed Combat | 1 |  1.0
Fighting       | |  3.9
Long Blades    | |  1.9
Dodging        | |  0.2

Action                   || total
-------------------------++-------
Melee: Long sword        ||    32
       Unarmed           ||   183
Armor: Scale mail        ||   147
Dodge: Dodged            ||    96
Block: Kite shield       ||   136
       Rpst.: Long sword ||     2

Table legend: (Time is in decaauts)
 A = Elapsed time spent in this place.
 B = Non-inter-level travel time spent in this place.
 C = Inter-level travel time spent in this place.
 D = Time resting spent in this place.
 E = Time spent auto-exploring this place.
 F = Levels seen in this place.
 G = Mean time per level.
                   A        B        C        D        E       F      G
               +--------+--------+--------+--------+--------+-----+--------+
         Total |   2876 |   2758 |    118 |      0 |   2333 |   3 |  958.7 |
       Dungeon |   2876 |   2758 |    118 |      0 |   2333 |   3 |  958.7 |
               +--------+--------+--------+--------+--------+-----+--------+

Top non-repeatable levels by time:
     D:2: 1421 daAuts
     D:1: 977 daAuts
     D:3: 477 daAuts
